Map: Ice and Chrome LE

Players

SKillous

  • Race: Protoss Protoss
  • League: Grandmaster
  • Spawn Location: 7:00

LiquidMaNa (MaNa) - Winner!

  • Race: Protoss Protoss
  • League: Grandmaster
  • Spawn Location: 1:00

Event: DreamHack SC2 Masters 2020 Fall

VOD

Have the link to the VOD?

Description

Time

  • Played on: Aug. 27, 2020, 11:25 a.m.
  • Length: 10:25

All games in this series

Show
View Real Time Build Order
Export as new Build Order

SKillous Protoss 

Build Orders: Oracle Opening 

Get SALT Encoding   

  12  0:00  Probe  
  13  0:12  Probe  
  14  0:17  Pylon  
  14  0:24  Probe (Chrono Boost)  
  15  0:37  Gateway, Probe (Chrono Boost)  
  16  0:44  Probe (Chrono Boost)  
  16  0:46  Assimilator  
  17  0:51  Probe  
  17  0:54  Assimilator  
  18  1:03  Probe (Chrono Boost)  
  19  1:11  Gateway  
  19  1:13  Probe (Chrono Boost)  
  19  1:18  Probe (Chrono Boost)  
  21  1:28  Cybernetics Core  
  21  1:29  Probe  
  22  1:33  Pylon  
  22  1:41  Probe  
  23  1:53  Probe  
  24  2:04  Warp Gate, Stalker x2  
  28  2:14  Pylon  
  28  2:27  Pylon  
  28  2:34  Adept x2  
  32  2:41  Stargate  
  32  2:56  Nexus  
  32  2:59  Probe  
  33  3:11  Probe  
  34  3:19  Pylon  
  33  3:22  Oracle (Chrono Boost)  
  33  3:23  Probe  
  37  3:30  Shield Battery  
  37  3:35  Probe  
  38  3:42  Shield Battery  
  38  3:49  Oracle (Chrono Boost)  
  38  3:50  Probe  
  42  4:02  Probe (Chrono Boost)  
  43  4:03  Twilight Council  
  44  4:10  Probe (Chrono Boost)  
  44  4:14  Probe (Chrono Boost)  
  41  4:20  Probe (Chrono Boost)  
  41  4:23  Sentry, Probe (Chrono Boost)  
  45  4:26  Probe (Chrono Boost)  
  45  4:29  Probe (Chrono Boost)  
  47  4:31  Forge  
  47  4:34  Probe  
  47  4:38  Blink (Chrono Boost)  
  48  4:40  Probe  
  49  4:46  Probe  
  49  4:50  Assimilator  
  49  4:52  Probe  
  51  4:58  Probe  
  51  4:59  Protoss Ground Weapons Level 1 (Chrono Boost), Gateway  
  52  5:04  Probe  
  53  5:10  Probe  
  54  5:17  Probe  
  54  5:20  Nexus  
  55  5:22  Probe  
  55  5:26  Pylon  
  56  5:29  Probe  
  56  5:34  Probe  
  58  5:38  Pylon  
  58  5:41  Stalker x2  
  62  5:45  Pylon, Probe  
  63  5:56  Stalker  
  67  5:57  Probe  
  67  6:00  Gateway  
  67  6:01  Gateway  
  67  6:02  Probe  
  67  6:07  Shield Battery  
  67  6:09  Probe (Chrono Boost)  
  67  6:11  Sentry  
  71  6:19  Probe (Chrono Boost)  
  71  6:21  Probe (Chrono Boost)  
  72  6:28  Probe x2 (Chrono Boost)  
  72  6:30  Robotics Facility  
  71  6:33  Probe  
  71  6:36  Stalker x3  
  78  6:40  Probe  
  78  6:46  Pylon, Photon Cannon  
  79  6:50  Pylon  
  79  6:51  Assimilator  
  79  6:52  Protoss Ground Weapons Level 2 (Chrono Boost)  
  81  6:55  Probe (Chrono Boost)  
  81  6:56  Probe (Chrono Boost)  
  81  6:57  Charge (Chrono Boost)  
  81  6:59  Pylon  
  82  7:03  Stalker  
  82  7:04  Sentry  
  82  7:05  Stalker  
  82  7:07  Probe (Chrono Boost)  
  89  7:09  Probe (Chrono Boost)  
  89  7:10  Pylon  
  89  7:17  Probe  
  89  7:18  Stalker x2  
  89  7:21  Observer (Chrono Boost)  
  89  7:22  Probe x2  
  97  7:24  Assimilator  
  97  7:26  Gateway  
  97  7:30  Stalker  
  94  7:39  Stalker x2  
  97  7:44  Probe (Chrono Boost)  
  97  7:49  Warp Prism  
  97  7:50  Probe (Chrono Boost)  
  102  7:53  Probe (Chrono Boost)  
  102  7:55  Gateway  
  102  7:56  Gateway  
  102  7:58  Probe (Chrono Boost)  
  102  8:02  Photon Cannon  
  103  8:09  Probe  
  99  8:19  Zealot x5  
  99  8:22  Shield Battery, Probe  
  99  8:24  Shield Battery  
  99  8:27  Templar Archives, Zealot  
  99  8:39  Stalker x4  
  99  8:40  Stalker  
  103  8:54  Stalker x2  
  103  8:55  Stalker  
  93  9:05  Zealot x3  
  93  9:06  Zealot x2  
  90  9:11  Immortal (Chrono Boost)  
  93  9:20  High Templar x2  
  93  9:21  Stalker  
  93  9:25  Archon  
  93  9:31  Stalker  
  93  9:32  Stalker x2  
  93  9:33  Zealot x2  
  95  9:47  Zealot, Immortal (Chrono Boost)  
  95  9:49  Pylon  
  101  9:55  Zealot x4  
  101  9:57  Zealot  
  99  10:00  Zealot  
  99  10:04  Zealot  
  87  10:08  Zealot  
  79  10:15  Zealot x4  
Show
View Real Time Build Order
Export as new Build Order

LiquidMaNa Protoss - Winner!

Build Orders: Phoenix Opening 

Get SALT Encoding   

  12  0:00  Probe  
  13  0:12  Probe  
  14  0:18  Pylon  
  14  0:24  Probe (Chrono Boost)  
  15  0:37  Probe (Chrono Boost)  
  15  0:39  Gateway  
  16  0:45  Probe (Chrono Boost)  
  16  0:49  Assimilator  
  17  0:51  Probe (Chrono Boost)  
  18  1:03  Probe (Chrono Boost)  
  19  1:05  Assimilator  
  19  1:12  Gateway, Probe (Chrono Boost)  
  19  1:18  Probe  
  21  1:27  Cybernetics Core  
  21  1:30  Probe  
  22  1:34  Pylon  
  22  1:42  Probe  
  23  1:54  Probe  
  24  2:04  Warp Gate (Chrono Boost), Adept x2  
  24  2:06  Probe  
  29  2:13  Pylon  
  29  2:24  Pylon  
  29  2:34  Adept x2  
  33  2:41  Probe  
  34  2:52  Nexus  
  34  2:55  Probe  
  35  3:03  Pylon  
  35  3:07  Sentry x2  
  39  3:14  Shield Battery  
  39  3:21  Probe  
  39  3:25  Shield Battery  
  40  3:33  Probe  
  41  3:44  Twilight Council  
  41  3:45  Probe  
  41  3:47  Stalker  
  44  3:50  Phoenix  
  44  3:52  Pylon  
  44  3:58  Probe  
  44  4:01  Stalker  
  46  4:11  Probe (Chrono Boost)  
  47  4:18  Probe (Chrono Boost)  
  47  4:20  Robotics Facility  
  47  4:22  Blink (Chrono Boost)  
  48  4:25  Probe (Chrono Boost)  
  48  4:29  Probe (Chrono Boost)  
  50  4:32  Probe (Chrono Boost)  
  50  4:34  Stalker  
  50  4:35  Probe (Chrono Boost)  
  54  4:39  Probe  
  54  4:45  Probe  
  56  4:48  Assimilator  
  56  4:51  Forge  
  57  4:53  Probe (Chrono Boost)  
  57  4:56  Stalker  
  57  4:57  Probe (Chrono Boost)  
  62  5:09  Probe x2 (Chrono Boost)  
  62  5:11  Observer  
  62  5:13  Probe (Chrono Boost)  
  63  5:16  Probe  
  64  5:23  Protoss Ground Weapons Level 1  
  64  5:24  Probe  
  64  5:26  Gateway  
  64  5:27  Gateway  
  64  5:28  Probe  
  66  5:36  Probe  
  66  5:40  Nexus  
  67  5:44  Pylon  
  67  5:45  Probe  
  67  5:48  Probe  
  69  6:02  Immortal  
  69  6:03  Shield Battery  
  73  6:04  Stalker x2  
  77  6:12  Gateway  
  77  6:14  Gateway  
  77  6:20  Pylon  
  77  6:33  Pylon  
  77  6:34  Probe  
  77  6:35  Charge (Chrono Boost)  
  78  6:42  Immortal (Chrono Boost)  
  78  6:43  Stalker x2  
  86  6:53  Probe x3  
  89  6:58  Observer  
  89  7:05  Probe x3  
  89  7:07  Stalker x3  
  98  7:17  Warp Prism (Chrono Boost), Probe  
  98  7:19  Pylon  
  101  7:25  Pylon  
  98  7:44  Stalker x5  
  98  7:45  Stalker  
  110  7:52  Photon Cannon  
  110  8:00  Gateway x2  
  110  8:12  Stalker x5  
  106  8:13  Stalker  
  108  8:21  Immortal  
  112  8:36  Stalker x6  
  108  9:02  Stalker x6  
  114  9:06  Warp Prism (Chrono Boost)  
  106  9:25  Zealot x8  
  106  9:31  Gateway  
  122  9:33  Gateway  
  120  9:45  Pylon  
  118  9:46  Assimilator, Pylon  
  118  9:48  Zealot x3, Pylon x2  
  118  9:49  Pylon  
  118  10:05  Zealot x5  
  108  10:15  Stalker x3  

Tags
 
Add a new tag
Caveats
  • Supply blocks, unpowered buildings, or Contaminate may cause inaccurate times.
  • Supply counts are checked every 10 seconds.